[ AOE2 MATCH · #481997237 ]
Team RMCumans vs Franks
[ REPLAY ANALYSIS · EXTRACTED FROM THE RECORDED GAME ]
Feudal
12:26
Castle
22:50
Imperial
—
| APM avg | 27.0 |
| APM peak | 50 |
| eAPM avg | 13.6 |
| Villagers / military | 72 / 32 |
Focus
⚔️ 15.7% · 🌾 84.3%
Cavalry Archer ×13 · Spearman ×10 · Archer ×9
Feudal
11:57
Castle
20:02
Imperial
—
| APM avg | 16.4 |
| APM peak | 35 |
| eAPM avg | 11.8 |
| Villagers / military | 91 / 26 |
Focus
⚔️ 15.5% · 🌾 84.5%
Longbowman ×26
Feudal
10:24
Castle
26:23
Imperial
—
| APM avg | 37.3 |
| APM peak | 108 |
| eAPM avg | 9.6 |
| Villagers / military | 41 / 15 |
Focus
⚔️ 13.8% · 🌾 86.2%
Scout Cavalry ×15
Feudal
12:17
Castle
22:38
Imperial
—
| APM avg | 36.2 |
| APM peak | 70 |
| eAPM avg | 16.4 |
| Villagers / military | 64 / 33 |
Focus
⚔️ 28.7% · 🌾 71.3%
Archer ×23 · Spearman ×7 · Skirmisher ×3
Feudal
12:52
Castle
23:24
Imperial
—
| APM avg | 21.3 |
| APM peak | 54 |
| eAPM avg | 9.8 |
| Villagers / military | 37 / 32 |
Focus
⚔️ 37.6% · 🌾 62.4%
Archer ×12 · Militia ×11 · Skirmisher ×9
Feudal
12:46
Castle
—
Imperial
—
| APM avg | 14.4 |
| APM peak | 36 |
| eAPM avg | 7.2 |
| Villagers / military | 29 / 27 |
Focus
⚔️ 33.8% · 🌾 66.2%
Militia ×21 · Scout Cavalry ×6
Match map
Initial resources + every placement click. Lines = walls · curves = elevation contours. ◆ gold · ⬟ stone · ● berries · ✦ relic · ◌ wall gap
Your base· Open — 1t gap
alpirowampir's base· ✓ Closed at 20:02 · 14t walls · 1 gate(s)
albert.zero's base· Open — 1t gap
Ragnarok's base· ✓ Closed at 22:38 · 8t walls · 3 gate(s)
VIKING-GUNNARR's base· ✓ Closed at 23:24 · 26t walls · 2 gate(s)
el_sego's base· ✓ Closed at 12:00 · 16t walls · no gate
Smoothed initial terrain · ◌ = detected wall gap · hover for details
Inputs per minute
— Charlie Waffles - - alpirowampir
Build order — Charlie Waffles
First 150 of 153 actions detected
| 0:03 | Build | House |
| 0:05 | Build | House |
| 0:06 | Create | Villager (Male) |
| 0:06 | Create | Villager (Male) |
| 0:06 | Create | Villager (Male) |
| 0:50 | Create | Villager (Male) |
| 0:50 | Create | Villager (Male) |
| 1:33 | Create | Villager (Male) |
| 1:33 | Create | Villager (Male) |
| 2:21 | Create | Villager (Male) |
| 2:21 | Create | Villager (Male) |
| 2:39 | Create | Villager (Male) |
| 2:39 | Create | Villager (Male) |
| 2:51 | Create | Villager (Male) |
| 2:52 | Create | Villager (Male) |
| 3:25 | Create | Villager (Male) |
| 3:26 | Create | Villager (Male) |
| 3:37 | Build | Lumber Camp |
| 3:56 | Create | Villager (Male) |
| 3:56 | Create | Villager (Male) |
| 4:17 | Build | Mill |
| 4:23 | Research | Loom |
| 4:35 | Build | House |
| 4:36 | Build | House |
| 4:39 | Build | House |
| 4:43 | Create | Villager (Male) |
| 5:05 | Create | Villager (Male) |
| 5:22 | Build | Palisade Wall |
| 5:38 | Build | Palisade Wall |
| 5:41 | Create | Villager (Male) |
| 5:41 | Create | Villager (Male) |
| 5:52 | Build | House |
| 5:54 | Build | House |
| 6:03 | Create | Villager (Male) |
| 6:03 | Create | Villager (Male) |
| 6:26 | Build | Palisade Gate |
| 6:32 | Create | Villager (Male) |
| 6:33 | Create | Villager (Male) |
| 6:33 | Create | Villager (Male) |
| 6:55 | Create | Villager (Male) |
| 7:13 | Build | Lumber Camp |
| 7:19 | Create | Villager (Male) |
| 8:16 | Build | Mining Camp |
| 8:45 | Create | Villager (Male) |
| 8:47 | Create | Villager (Male) |
| 8:49 | Create | Villager (Male) |
| 9:55 | Build | Farm |
| 9:58 | Research | Feudal Age |
| 10:21 | Build | Farm |
| 10:46 | Build | Barracks |
| 11:14 | Create | Villager (Male) |
| 11:14 | Create | Villager (Male) |
| 11:14 | Create | Villager (Male) |
| 12:22 | Build | Farm |
| 12:26 | Age | Feudal Age |
| 12:35 | Build | Archery Range |
| 12:53 | Build | Town Center |
| 13:11 | Create | Villager (Male) |
| 13:23 | Research | Double-Bit Axe |
| 13:38 | Create | Villager (Male) |
| 13:40 | Research | Wheelbarrow |
| 14:40 | Create | Villager (Male) |
| 14:48 | Build | Farm |
| 14:50 | Create | Villager (Male) |
| 14:50 | Create | Villager (Male) |
| 14:50 | Create | Villager (Male) |
| 14:51 | Create | Villager (Male) |
| 14:52 | Create | Villager (Male) |
| 15:08 | Build | Farm |
| 15:13 | Build | Farm |
| 15:15 | Build | Farm |
| 15:18 | Create | Archer ×5 |
| 15:19 | Create | Archer |
| 15:19 | Create | Archer |
| 15:42 | Build | Farm |
| 16:06 | Build | Blacksmith |
| 16:16 | Create | Villager (Male) |
| 16:17 | Create | Villager (Male) |
| 16:17 | Create | Villager (Male) |
| 16:27 | Build | House |
| 16:28 | Build | House |
| 16:29 | Build | House |
| 16:31 | Build | House |
| 16:32 | Build | House |
| 16:44 | Research | Horse Collar |
| 17:08 | Build | Farm |
| 17:08 | Build | Farm |
| 17:09 | Build | Farm |
| 17:10 | Build | Farm |
| 17:23 | Create | Villager (Male) |
| 17:23 | Create | Villager (Male) |
| 17:32 | Build | Farm |
| 17:48 | Create | Archer |
| 17:48 | Create | Archer |
| 18:08 | Create | Spearman |
| 18:08 | Create | Spearman |
| 18:08 | Create | Spearman |
| 18:09 | Create | Spearman |
| 18:55 | Create | Villager (Male) |
| 18:55 | Create | Villager (Male) |
| 18:56 | Create | Villager (Male) |
| 19:36 | Build | Farm |
| 19:37 | Build | Farm |
| 20:01 | Build | Archery Range |
| 20:07 | Build | Archery Range |
| 20:10 | Research | Castle Age |
| 20:24 | Create | Spearman ×3 |
| 20:25 | Create | Spearman ×3 |
| 20:32 | Build | Mining Camp |
| 20:34 | Create | Villager (Male) |
| 20:34 | Create | Villager (Male) |
| 21:02 | Create | Villager (Male) |
| 21:03 | Create | Villager (Male) |
| 21:03 | Create | Villager (Male) |
| 21:04 | Create | Villager (Male) |
| 21:27 | Research | Padded Archer Armor |
| 21:47 | Build | House |
| 21:49 | Build | House |
| 21:59 | Research | Gold Mining |
| 22:00 | Research | Stone Mining |
| 22:05 | Create | Villager (Male) |
| 22:05 | Create | Villager (Male) |
| 22:21 | Build | House |
| 22:22 | Build | House |
| 22:23 | Build | House |
| 22:24 | Build | House |
| 22:25 | Build | House |
| 22:28 | Build | Farm |
| 22:29 | Build | Farm |
| 22:30 | Build | Farm |
| 22:31 | Build | Farm |
| 22:50 | Age | Castle Age |
| 23:04 | Research | Thumb Ring |
| 23:17 | Create | Cavalry Archer ×5 |
| 23:17 | Create | Cavalry Archer ×5 |
| 24:17 | Create | Cavalry Archer ×3 |
| 24:51 | Research | Hand Cart |
| 25:56 | Create | Villager (Male) |
| 25:56 | Create | Villager (Male) |
| 25:56 | Create | Villager (Male) |
| 25:57 | Create | Villager (Male) |
| 25:57 | Create | Villager (Male) |
| 25:59 | Create | Villager (Male) |
| 26:01 | Research | Gold Shaft Mining |
| 26:10 | Create | Villager (Male) |
| 26:10 | Create | Villager (Male) |
| 26:30 | Research | Fletching |
| 26:56 | Create | Villager (Male) |
| 26:56 | Create | Villager (Male) |
| 26:56 | Create | Villager (Male) |
Build order — alpirowampir
First 150 of 159 actions detected
| 0:13 | Build | House |
| 0:20 | Create | Villager (Male) |
| 0:20 | Create | Villager (Male) |
| 0:21 | Research | Loom |
| 0:21 | Create | Villager (Male) |
| 0:21 | Create | Villager (Male) |
| 0:22 | Create | Villager (Male) |
| 1:22 | Build | House |
| 1:29 | Build | House |
| 1:33 | Build | House |
| 1:54 | Create | Villager (Male) |
| 1:54 | Create | Villager (Male) |
| 2:08 | Create | Villager (Male) |
| 2:08 | Create | Villager (Male) |
| 2:36 | Create | Villager (Male) |
| 2:37 | Create | Villager (Male) |
| 3:02 | Build | Mill |
| 3:05 | Create | Villager (Male) |
| 3:05 | Create | Villager (Male) |
| 3:24 | Create | Villager (Male) |
| 3:24 | Create | Villager (Male) |
| 3:24 | Create | Villager (Male) |
| 3:50 | Create | Villager (Male) |
| 3:50 | Create | Villager (Male) |
| 3:59 | Create | Villager (Male) |
| 4:39 | Create | Villager (Male) |
| 4:39 | Create | Villager (Male) |
| 5:09 | Create | Villager (Male) |
| 5:09 | Create | Villager (Male) |
| 5:09 | Create | Villager (Male) |
| 5:29 | Build | Mill |
| 5:36 | Create | Villager (Male) |
| 5:37 | Create | Villager (Male) |
| 5:37 | Create | Villager (Male) |
| 5:58 | Create | Villager (Male) |
| 5:58 | Create | Villager (Male) |
| 7:18 | Build | House |
| 7:22 | Build | House |
| 7:25 | Create | Villager (Male) |
| 7:25 | Create | Villager (Male) |
| 7:25 | Create | Villager (Male) |
| 7:40 | Create | Villager (Male) |
| 7:40 | Create | Villager (Male) |
| 7:40 | Create | Villager (Male) |
| 8:29 | Create | Villager (Male) |
| 8:42 | Build | Lumber Camp |
| 9:47 | Research | Feudal Age |
| 9:47 | Research | Feudal Age |
| 10:19 | Build | Mill |
| 10:22 | Create | Villager (Male) ×5 |
| 10:22 | Create | Villager (Male) ×5 |
| 11:57 | Age | Feudal Age |
| 12:03 | Build | Stone Wall |
| 12:06 | Build | Gate |
| 12:46 | Build | House |
| 12:47 | Build | House |
| 12:52 | Build | Blacksmith |
| 13:49 | Research | Town Watch |
| 13:52 | Research | Wheelbarrow |
| 14:14 | Build | Market |
| 14:41 | Research | Town Watch |
| 14:45 | Create | Villager (Male) |
| 15:18 | Build | Mining Camp |
| 15:21 | Create | Villager (Male) |
| 15:28 | Build | House |
| 16:10 | Build | Mill |
| 17:00 | Build | Mining Camp |
| 17:13 | Research | Castle Age |
| 17:13 | Research | Castle Age |
| 17:30 | Create | Villager (Male) |
| 17:30 | Create | Villager (Male) |
| 18:04 | Research | Double-Bit Axe |
| 18:19 | Create | Villager (Male) |
| 18:19 | Create | Villager (Male) |
| 18:19 | Create | Villager (Male) |
| 18:21 | Research | Forging |
| 18:22 | Research | Scale Mail Armor |
| 18:23 | Research | Scale Barding Armor |
| 19:15 | Create | Villager (Male) |
| 19:15 | Create | Villager (Male) |
| 19:16 | Create | Villager (Male) |
| 20:02 | Age | Castle Age |
| 20:05 | Build | Town Center |
| 20:18 | Research | Stone Mining |
| 20:47 | Research | Gold Mining |
| 21:00 | Create | Villager (Male) |
| 21:00 | Create | Villager (Male) |
| 21:00 | Create | Villager (Male) |
| 21:00 | Create | Villager (Male) |
| 21:01 | Create | Villager (Male) |
| 21:15 | Create | Villager (Male) |
| 21:15 | Create | Villager (Male) |
| 21:27 | Build | Castle |
| 21:45 | Research | Gold Shaft Mining |
| 21:50 | Create | Villager (Male) |
| 21:50 | Create | Villager (Male) |
| 22:26 | Create | Villager (Male) |
| 22:27 | Create | Villager (Male) |
| 22:43 | Create | Longbowman |
| 23:03 | Create | Villager (Male) |
| 23:04 | Create | Villager (Male) |
| 23:04 | Create | Villager (Male) |
| 23:16 | Build | Mining Camp |
| 23:18 | Create | Villager (Male) |
| 23:36 | Build | Town Center |
| 23:52 | Build | Mining Camp |
| 24:02 | Create | Villager (Male) |
| 24:03 | Create | Villager (Male) |
| 24:03 | Create | Villager (Male) |
| 24:05 | Create | Villager (Male) |
| 24:06 | Create | Villager (Male) |
| 24:06 | Create | Villager (Male) |
| 24:21 | Build | Mining Camp |
| 24:27 | Build | Mining Camp |
| 24:40 | Build | Mining Camp |
| 24:55 | Create | Longbowman ×2 |
| 25:01 | Create | Villager (Male) |
| 25:02 | Create | Villager (Male) |
| 25:03 | Create | Villager (Male) |
| 25:03 | Create | Villager (Male) |
| 25:04 | Create | Villager (Male) |
| 25:11 | Build | Farm |
| 25:12 | Build | Farm |
| 25:13 | Build | Farm |
| 25:14 | Build | Farm |
| 25:23 | Create | Villager (Male) |
| 25:23 | Create | Villager (Male) |
| 25:24 | Create | Villager (Male) |
| 25:30 | Create | Longbowman |
| 25:31 | Create | Longbowman |
| 25:31 | Create | Longbowman |
| 25:36 | Create | Longbowman |
| 25:36 | Create | Longbowman |
| 26:03 | Create | Villager (Male) |
| 26:03 | Create | Villager (Male) |
| 26:08 | Create | Longbowman |
| 26:08 | Create | Longbowman |
| 26:09 | Create | Longbowman |
| 26:09 | Create | Longbowman |
| 26:09 | Create | Longbowman |
| 26:10 | Create | Longbowman |
| 26:10 | Create | Longbowman |
| 26:47 | Build | Castle |
| 27:02 | Create | Longbowman |
| 27:02 | Create | Longbowman |
| 27:02 | Create | Longbowman |
| 27:13 | Create | Villager (Male) |
| 27:13 | Create | Villager (Male) |
| 27:14 | Create | Villager (Male) |
| 27:14 | Create | Villager (Male) |
Build order — albert.zero
110 actions detected in the replay
| 0:01 | Create | Villager (Male) |
| 0:01 | Create | Villager (Male) |
| 0:01 | Create | Villager (Male) |
| 0:01 | Create | Villager (Male) |
| 0:03 | Build | House |
| 0:06 | Build | House |
| 1:35 | Create | Villager (Male) |
| 1:48 | Build | Lumber Camp |
| 2:05 | Create | Villager (Male) |
| 2:32 | Create | Villager (Male) |
| 2:33 | Create | Villager (Male) |
| 2:41 | Create | Villager (Male) |
| 2:41 | Create | Villager (Male) |
| 3:24 | Create | Villager (Male) |
| 3:31 | Build | Mill |
| 3:38 | Create | Villager (Male) |
| 4:13 | Create | Villager (Male) |
| 4:14 | Create | Villager (Male) |
| 4:20 | Build | House |
| 5:13 | Create | Villager (Male) |
| 5:13 | Create | Villager (Male) |
| 5:14 | Create | Villager (Male) |
| 5:14 | Create | Villager (Male) |
| 5:37 | Create | Villager (Male) |
| 6:46 | Build | House |
| 6:56 | Research | Loom |
| 7:24 | Create | Villager (Male) |
| 7:24 | Create | Villager (Male) |
| 7:57 | Build | Mining Camp |
| 8:07 | Research | Feudal Age |
| 9:56 | Build | Barracks |
| 10:24 | Age | Feudal Age |
| 10:27 | Create | Villager (Male) |
| 10:27 | Create | Villager (Male) |
| 10:51 | Build | Stable |
| 10:56 | Build | Blacksmith |
| 10:59 | Build | Farm |
| 11:02 | Create | Villager (Male) |
| 11:27 | Build | Farm |
| 11:30 | Create | Villager (Male) |
| 11:31 | Create | Villager (Male) |
| 11:54 | Build | House |
| 12:00 | Build | House |
| 12:02 | Create | Scout Cavalry |
| 12:02 | Create | Scout Cavalry |
| 12:04 | Create | Scout Cavalry |
| 12:04 | Create | Scout Cavalry |
| 12:18 | Research | Double-Bit Axe |
| 12:27 | Build | House |
| 12:33 | Build | Farm |
| 12:33 | Build | Farm |
| 12:51 | Build | House |
| 13:00 | Research | Scale Barding Armor |
| 13:06 | Build | Farm |
| 13:15 | Create | Villager (Male) |
| 13:17 | Build | Farm |
| 14:22 | Build | Farm |
| 14:26 | Create | Scout Cavalry |
| 14:26 | Create | Scout Cavalry |
| 14:35 | Research | Forging |
| 15:15 | Create | Scout Cavalry |
| 15:15 | Create | Scout Cavalry |
| 16:26 | Create | Scout Cavalry |
| 16:26 | Create | Scout Cavalry |
| 16:26 | Create | Scout Cavalry |
| 16:27 | Create | Scout Cavalry |
| 17:20 | Build | Farm |
| 17:20 | Build | Farm |
| 17:20 | Build | Farm |
| 17:20 | Build | Farm |
| 17:21 | Build | Farm |
| 17:21 | Build | Farm |
| 17:25 | Create | Scout Cavalry |
| 17:25 | Create | Scout Cavalry |
| 17:46 | Create | Villager (Male) |
| 17:46 | Create | Villager (Male) |
| 18:07 | Build | Farm |
| 18:19 | Build | Farm |
| 18:22 | Create | Scout Cavalry |
| 18:52 | Create | Villager (Male) |
| 18:52 | Create | Villager (Male) |
| 18:54 | Create | Villager (Male) |
| 19:26 | Build | Farm |
| 19:52 | Build | Farm |
| 19:57 | Create | Villager (Male) |
| 19:58 | Create | Villager (Male) |
| 20:47 | Build | Farm |
| 21:25 | Build | Farm |
| 21:29 | Create | Villager (Male) |
| 21:29 | Create | Villager (Male) |
| 21:38 | Build | Farm |
| 21:39 | Build | Farm |
| 22:03 | Create | Villager (Male) |
| 22:08 | Build | Mining Camp |
| 22:21 | Build | Farm |
| 22:31 | Build | House |
| 22:45 | Research | Castle Age |
| 24:22 | Build | House |
| 24:23 | Build | House |
| 24:53 | Research | Stone Mining |
| 25:01 | Build | Market |
| 25:34 | Build | Stable |
| 26:23 | Age | Castle Age |
| 26:26 | Build | Monastery |
| 26:33 | Build | University |
| 26:36 | Create | Villager (Male) |
| 26:36 | Create | Villager (Male) |
| 26:37 | Create | Villager (Male) |
| 26:49 | Research | Bow Saw |
| 27:51 | Create | Villager (Male) |
Build order — Ragnarok
First 150 of 162 actions detected
| 0:02 | Create | Villager (Male) |
| 0:02 | Create | Villager (Male) |
| 0:02 | Create | Villager (Male) |
| 0:03 | Build | House |
| 0:05 | Build | House |
| 0:35 | Create | Villager (Male) |
| 0:36 | Create | Villager (Male) |
| 1:36 | Create | Villager (Male) |
| 1:36 | Create | Villager (Male) |
| 1:57 | Build | Lumber Camp |
| 2:02 | Create | Villager (Male) |
| 2:02 | Create | Villager (Male) |
| 2:33 | Create | Villager (Male) |
| 2:33 | Create | Villager (Male) |
| 3:04 | Create | Villager (Male) |
| 3:04 | Create | Villager (Male) |
| 3:29 | Create | Villager (Male) |
| 3:29 | Create | Villager (Male) |
| 3:49 | Create | Villager (Male) |
| 3:49 | Create | Villager (Male) |
| 4:01 | Build | House |
| 4:02 | Build | House |
| 4:13 | Create | Villager (Male) |
| 4:13 | Create | Villager (Male) |
| 4:55 | Build | House |
| 4:56 | Create | Villager (Male) |
| 4:56 | Create | Villager (Male) |
| 4:56 | Create | Villager (Male) |
| 5:28 | Build | Palisade Gate |
| 6:13 | Build | Palisade Wall |
| 6:17 | Build | Mill |
| 6:42 | Create | Villager (Male) |
| 6:42 | Create | Villager (Male) |
| 7:35 | Create | Villager (Male) |
| 7:35 | Create | Villager (Male) |
| 8:01 | Research | Loom |
| 8:08 | Build | Farm |
| 8:12 | Build | Farm |
| 8:12 | Build | Farm |
| 8:37 | Create | Villager (Male) |
| 8:37 | Create | Villager (Male) |
| 9:26 | Build | Outpost |
| 9:35 | Create | Villager (Male) |
| 10:07 | Research | Feudal Age |
| 10:19 | Build | Barracks |
| 10:31 | Build | Farm |
| 10:40 | Build | Mill |
| 10:45 | Build | House |
| 10:54 | Build | Farm |
| 11:13 | Build | House |
| 11:43 | Build | Mining Camp |
| 12:02 | Create | Villager (Male) |
| 12:02 | Create | Villager (Male) |
| 12:17 | Age | Feudal Age |
| 12:24 | Create | Spearman |
| 12:47 | Create | Spearman |
| 12:57 | Build | Archery Range |
| 13:05 | Create | Villager (Male) |
| 13:05 | Create | Villager (Male) |
| 13:50 | Create | Spearman |
| 13:50 | Create | Spearman |
| 13:55 | Create | Skirmisher |
| 13:58 | Create | Archer |
| 13:58 | Create | Archer |
| 14:12 | Create | Skirmisher |
| 14:14 | Create | Archer |
| 14:18 | Create | Spearman |
| 14:18 | Create | Spearman |
| 14:30 | Create | Villager (Male) |
| 14:30 | Create | Villager (Male) |
| 14:30 | Create | Villager (Male) |
| 14:31 | Create | Villager (Male) |
| 14:45 | Create | Spearman |
| 14:47 | Create | Archer |
| 14:47 | Create | Archer |
| 14:57 | Build | House |
| 15:01 | Build | House |
| 15:03 | Build | Palisade Wall |
| 15:10 | Build | Farm |
| 15:14 | Build | Farm |
| 15:20 | Build | Palisade Gate |
| 15:24 | Build | Palisade Gate |
| 15:44 | Build | Farm |
| 15:50 | Create | Villager (Male) |
| 15:51 | Create | Villager (Male) |
| 16:01 | Create | Archer |
| 16:02 | Create | Archer |
| 16:37 | Build | Palisade Wall |
| 16:47 | Build | Mill |
| 17:01 | Create | Skirmisher |
| 17:05 | Create | Archer |
| 17:05 | Create | Archer |
| 17:13 | Build | House |
| 17:16 | Build | Mining Camp |
| 17:48 | Create | Villager (Male) |
| 17:49 | Create | Villager (Male) |
| 17:49 | Create | Villager (Male) |
| 18:08 | Research | Horse Collar |
| 18:25 | Research | Double-Bit Axe |
| 18:28 | Build | Farm |
| 18:30 | Create | Villager (Male) |
| 18:36 | Create | Archer |
| 18:36 | Create | Archer |
| 18:43 | Build | House |
| 18:45 | Build | House |
| 18:47 | Build | House |
| 18:49 | Build | Palisade Wall |
| 19:03 | Create | Archer |
| 19:08 | Build | Farm |
| 19:09 | Build | Farm |
| 19:38 | Build | Blacksmith |
| 19:58 | Research | Castle Age |
| 19:58 | Research | Castle Age |
| 21:18 | Create | Villager (Male) |
| 21:19 | Create | Villager (Male) |
| 21:19 | Create | Villager (Male) |
| 21:19 | Create | Villager (Male) |
| 21:25 | Research | Padded Archer Armor |
| 21:30 | Research | Fletching |
| 21:38 | Create | Archer |
| 21:38 | Create | Archer |
| 21:38 | Create | Archer |
| 21:42 | Create | Villager (Male) |
| 21:43 | Create | Villager (Male) |
| 22:04 | Build | Archery Range |
| 22:07 | Create | Villager (Male) |
| 22:07 | Create | Villager (Male) |
| 22:30 | Build | House |
| 22:32 | Build | House |
| 22:33 | Build | House |
| 22:38 | Age | Castle Age |
| 22:50 | Create | Villager (Male) |
| 22:50 | Create | Villager (Male) |
| 23:06 | Build | Town Center |
| 23:23 | Build | Market |
| 23:27 | Create | Villager (Male) |
| 23:27 | Create | Villager (Male) |
| 23:28 | Create | Villager (Male) |
| 23:44 | Create | Archer |
| 23:44 | Create | Archer |
| 24:04 | Build | House |
| 24:05 | Build | House |
| 24:17 | Create | Villager (Male) |
| 24:26 | Research | Crossbowman (upgrade) |
| 24:27 | Research | Bodkin Arrow |
| 24:44 | Create | Villager (Male) |
| 24:49 | Build | House |
| 25:20 | Research | Pikeman (upgrade) |
| 25:21 | Research | Pikeman (upgrade) |
| 25:36 | Create | Archer |
Build order — VIKING-GUNNARR
119 actions detected in the replay
| 0:02 | Create | Villager (Male) |
| 0:03 | Create | Villager (Male) |
| 0:03 | Create | Villager (Male) |
| 0:03 | Create | Villager (Male) |
| 0:04 | Create | Villager (Male) |
| 0:06 | Build | House |
| 0:08 | Build | House |
| 1:30 | Create | Villager (Male) |
| 1:48 | Build | Lumber Camp |
| 2:08 | Create | Villager (Male) |
| 2:23 | Create | Villager (Male) |
| 2:57 | Create | Villager (Male) |
| 3:06 | Build | House |
| 3:17 | Build | Palisade Wall |
| 3:21 | Create | Villager (Male) |
| 3:43 | Build | Palisade Gate |
| 3:46 | Create | Villager (Male) |
| 4:07 | Create | Villager (Male) |
| 4:41 | Create | Villager (Male) |
| 5:06 | Create | Villager (Male) |
| 5:45 | Create | Villager (Male) |
| 5:57 | Build | House |
| 6:16 | Build | Palisade Wall |
| 6:52 | Create | Villager (Male) |
| 6:52 | Create | Villager (Male) |
| 6:54 | Create | Villager (Male) |
| 6:54 | Create | Villager (Male) |
| 6:56 | Create | Villager (Male) |
| 6:58 | Create | Villager (Male) |
| 7:00 | Research | Loom |
| 7:47 | Research | Loom |
| 7:47 | Create | Villager (Male) |
| 7:48 | Create | Villager (Male) |
| 7:48 | Create | Villager (Male) |
| 7:48 | Create | Villager (Male) |
| 7:48 | Create | Villager (Male) |
| 7:49 | Create | Villager (Male) |
| 8:28 | Build | Mill |
| 9:02 | Build | Palisade Gate |
| 9:13 | Build | Barracks |
| 9:35 | Research | Feudal Age |
| 9:49 | Build | Mining Camp |
| 10:03 | Build | House |
| 10:05 | Build | House |
| 10:12 | Create | Militia |
| 10:12 | Create | Militia |
| 10:53 | Create | Militia |
| 11:11 | Build | Mining Camp |
| 11:15 | Create | Villager (Male) |
| 11:15 | Create | Villager (Male) |
| 11:15 | Create | Villager (Male) |
| 11:16 | Create | Villager (Male) |
| 11:22 | Build | Farm |
| 11:31 | Create | Militia |
| 11:50 | Create | Militia |
| 12:04 | Build | Farm |
| 12:15 | Build | House |
| 12:19 | Build | House |
| 12:22 | Build | House |
| 12:52 | Age | Feudal Age |
| 13:02 | Build | Watch Tower |
| 13:26 | Research | Arson |
| 13:27 | Research | Man-at-Arms (upgrade) |
| 13:28 | Create | Militia |
| 13:29 | Create | Militia |
| 13:32 | Create | Militia |
| 13:34 | Create | Militia |
| 14:08 | Build | Farm |
| 14:12 | Build | Farm |
| 14:14 | Create | Villager (Male) |
| 14:15 | Create | Villager (Male) |
| 15:11 | Create | Militia |
| 15:11 | Create | Militia |
| 15:57 | Build | Archery Range |
| 16:29 | Build | Archery Range |
| 16:40 | Create | Archer |
| 16:40 | Create | Archer |
| 17:17 | Create | Archer |
| 17:18 | Create | Archer |
| 17:18 | Create | Archer |
| 17:18 | Create | Archer |
| 17:19 | Create | Archer |
| 17:34 | Build | Mining Camp |
| 17:41 | Build | Farm |
| 18:33 | Build | Blacksmith |
| 18:37 | Build | House |
| 18:39 | Build | House |
| 20:44 | Research | Castle Age |
| 21:26 | Research | Fletching |
| 21:33 | Build | Farm |
| 21:37 | Build | Farm |
| 21:55 | Create | Archer |
| 21:55 | Create | Archer |
| 21:55 | Create | Archer |
| 21:56 | Create | Archer |
| 21:56 | Create | Archer |
| 22:55 | Research | Scale Mail Armor |
| 22:57 | Research | Padded Archer Armor |
| 23:24 | Age | Castle Age |
| 24:02 | Research | Crossbowman (upgrade) |
| 24:31 | Build | Castle |
| 24:59 | Build | House |
| 25:24 | Build | House |
| 25:29 | Build | Palisade Wall |
| 26:31 | Research | Elite Skirmisher (upgrade) |
| 26:32 | Create | Skirmisher |
| 26:33 | Create | Skirmisher |
| 26:33 | Create | Skirmisher |
| 26:33 | Create | Skirmisher |
| 26:33 | Create | Skirmisher |
| 26:34 | Create | Skirmisher |
| 26:41 | Research | Bodkin Arrow |
| 27:07 | Create | Skirmisher |
| 27:08 | Create | Skirmisher |
| 27:08 | Create | Skirmisher |
| 27:14 | Create | Villager (Male) |
| 27:14 | Create | Villager (Male) |
| 27:15 | Create | Villager (Male) |
| 27:15 | Create | Villager (Male) |
Build order — el_sego
97 actions detected in the replay
| 0:03 | Create | Villager (Male) |
| 0:03 | Create | Villager (Male) |
| 0:03 | Create | Villager (Male) |
| 0:03 | Create | Villager (Male) |
| 0:03 | Create | Villager (Male) |
| 0:04 | Create | Villager (Male) |
| 0:13 | Build | House |
| 0:15 | Build | House |
| 0:16 | Build | House |
| 2:51 | Create | Villager (Male) |
| 2:51 | Create | Villager (Male) |
| 2:52 | Create | Villager (Male) |
| 4:57 | Create | Villager (Male) |
| 4:58 | Create | Villager (Male) |
| 4:58 | Create | Villager (Male) |
| 4:58 | Create | Villager (Male) |
| 4:58 | Create | Villager (Male) |
| 5:09 | Build | Lumber Camp |
| 5:13 | Create | Villager (Male) |
| 5:13 | Create | Villager (Male) |
| 5:15 | Research | Loom |
| 6:20 | Build | Mill |
| 8:06 | Research | Feudal Age |
| 8:11 | Create | Villager (Male) |
| 8:11 | Create | Villager (Male) |
| 8:55 | Build | Mining Camp |
| 9:17 | Build | Farm |
| 9:18 | Research | Feudal Age |
| 9:24 | Create | Villager (Male) |
| 9:24 | Create | Villager (Male) |
| 9:24 | Create | Villager (Male) |
| 9:26 | Create | Villager (Male) |
| 9:49 | Build | House |
| 10:09 | Build | Palisade Wall |
| 10:33 | Research | Feudal Age |
| 10:57 | Build | Barracks |
| 11:09 | Build | House |
| 11:10 | Build | House |
| 11:12 | Build | House |
| 11:31 | Create | Villager (Male) |
| 11:32 | Create | Villager (Male) |
| 12:26 | Build | Farm |
| 12:46 | Age | Feudal Age |
| 12:51 | Research | Man-at-Arms (upgrade) |
| 12:52 | Create | Militia |
| 12:52 | Create | Militia |
| 12:52 | Create | Militia |
| 12:54 | Create | Militia |
| 13:05 | Build | House |
| 13:23 | Build | Watch Tower |
| 14:10 | Build | House |
| 14:43 | Create | Militia |
| 14:58 | Build | Watch Tower |
| 15:06 | Create | Militia |
| 15:07 | Create | Militia |
| 15:07 | Create | Militia |
| 15:07 | Create | Militia |
| 15:36 | Create | Villager (Male) |
| 15:36 | Create | Villager (Male) |
| 15:36 | Create | Villager (Male) |
| 15:37 | Create | Villager (Male) |
| 15:37 | Create | Villager (Male) |
| 15:54 | Build | Farm |
| 15:54 | Build | Farm |
| 15:55 | Build | Farm |
| 16:28 | Build | Farm |
| 17:19 | Build | Stable |
| 17:28 | Create | Militia |
| 17:29 | Create | Militia |
| 17:43 | Build | Mill |
| 17:56 | Research | Bloodlines |
| 17:57 | Create | Scout Cavalry |
| 18:03 | Create | Scout Cavalry |
| 18:03 | Create | Scout Cavalry |
| 18:04 | Create | Scout Cavalry |
| 18:04 | Create | Scout Cavalry |
| 18:42 | Create | Scout Cavalry |
| 19:24 | Build | Barracks |
| 20:49 | Build | Mining Camp |
| 21:40 | Create | Militia |
| 21:41 | Create | Militia |
| 21:41 | Create | Militia |
| 21:41 | Create | Militia |
| 21:41 | Create | Militia |
| 21:42 | Create | Militia |
| 21:47 | Build | House |
| 21:48 | Build | House |
| 23:14 | Build | Blacksmith |
| 24:22 | Build | House |
| 24:47 | Build | Farm |
| 24:47 | Build | Farm |
| 24:48 | Build | Farm |
| 24:50 | Build | Farm |
| 26:15 | Create | Militia |
| 26:15 | Create | Militia |
| 26:16 | Create | Militia |
| 26:16 | Create | Militia |
Match timeline
| 3:17 | VIKING-GUNNARR · wall_segment Palisade Wall x12 |
| 5:22 | Charlie Waffles · wall_segment Palisade Wall x1 |
| 5:38 | Charlie Waffles · wall_segment Palisade Wall x1 |
| 6:13 | Ragnarok · wall_segment Palisade Wall x5 |
| 6:16 | VIKING-GUNNARR · wall_segment Palisade Wall x14 |
| 9:13 | VIKING-GUNNARR · first_building Barracks |
| 9:56 | albert.zero · first_building Barracks |
| 10:09 | el_sego · wall_segment Palisade Wall x16 |
| 10:19 | Ragnarok · first_building Barracks |
| 10:24 | albert.zero · age_up feudal |
| 10:46 | Charlie Waffles · first_building Barracks |
| 10:51 | albert.zero · first_building Stable |
| 10:57 | el_sego · first_building Barracks |
| 11:57 | alpirowampir · age_up feudal |
| 12:03 | alpirowampir · wall_segment Stone Wall x14 |
| 12:17 | Ragnarok · age_up feudal |
| 12:26 | Charlie Waffles · age_up feudal |
| 12:35 | Charlie Waffles · first_building Archery Range |
| 12:46 | el_sego · age_up feudal |
| 12:52 | VIKING-GUNNARR · age_up feudal |
| 12:57 | Ragnarok · first_building Archery Range |
| 15:03 | Ragnarok · wall_segment Palisade Wall x1 |
| 15:57 | VIKING-GUNNARR · first_building Archery Range |
| 16:37 | Ragnarok · wall_segment Palisade Wall x1 |
| 17:19 | el_sego · first_building Stable |
| 18:49 | Ragnarok · wall_segment Palisade Wall x1 |
| 20:02 | alpirowampir · age_up castle |
| 21:27 | alpirowampir · first_building Castle |
| 22:38 | Ragnarok · age_up castle |
| 22:50 | Charlie Waffles · age_up castle |
| 23:24 | VIKING-GUNNARR · age_up castle |
| 24:31 | VIKING-GUNNARR · first_building Castle |
| 25:29 | VIKING-GUNNARR · wall_segment Palisade Wall x1 |
| 26:23 | albert.zero · age_up castle |
| 26:26 | albert.zero · first_building Monastery |
| 26:32 | Ragnarok · tribute_sent a jugador 1 |
| 26:32 | Ragnarok · tribute_sent a jugador 2 |
| 26:32 | Ragnarok · tribute_sent a jugador 3 |
| 26:32 | Ragnarok · tribute_sent a jugador 5 |
| 26:32 | Ragnarok · tribute_sent a jugador 6 |
| 26:40 | Ragnarok · first_market_sell 100 wood |
| 26:42 | Ragnarok · first_market_buy 100 food |
| 26:49 | Ragnarok · tribute_sent a jugador 1 |
| 26:49 | Ragnarok · tribute_sent a jugador 2 |
| 26:49 | Ragnarok · tribute_sent a jugador 3 |
| 26:49 | Ragnarok · tribute_sent a jugador 5 |
| 26:49 | Ragnarok · tribute_sent a jugador 6 |
| 27:08 | Ragnarok · tribute_sent a jugador 1 |
| 27:08 | Ragnarok · tribute_sent a jugador 2 |
| 27:08 | Ragnarok · tribute_sent a jugador 3 |
| 27:08 | Ragnarok · tribute_sent a jugador 5 |
| 27:08 | Ragnarok · tribute_sent a jugador 6 |
| 27:42 | el_sego · resign |
[ AI ANALYSIS · 1 CREDIT ]
What really happened in this match?
Wolo.gg analyzes every decision: build order, eco, micro, common mistakes by bracket. Personalized analysis on WhatsApp or Discord in 30 seconds.
Civ guide
Cumans
Map guide
Glade
Perfil
Charlie Waffles